 Dungeon Crawl Stone Soup version 0.20.0 (webtiles) character file.

57 FakerFangirl the Cudgeler (level 3, -1/31 HPs)
             Began as a Draconian Fighter on May 26, 2017.
             Slain by a goblin (2 damage)
             ... on level 2 of the Dungeon.
             The game lasted 00:01:41 (1404 turns).

FakerFangirl the Cudgeler (Draconian Fighter)       Turns: 1404, Time: 00:01:41

Health: -1/31      AC:  5    Str: 18    XL:     3   Next: 73%
Magic:  3/3        EV: 10    Int:  8    God:
Gold:   34         SH:  0    Dex: 11    Spells: 2/2 levels left

rFire    . . .     SeeInvis .   Y - +0 flail
rCold    . . .     Gourm    .   b - +0 shield
rNeg     . . .     Faith    .   (armour unavailable)
rPois    .         Spirit   .   (helmet restricted)
rElec    .         Reflect  .   (no cloak)
rCorr    .         Harm     .   (no gloves)
MR       .....                  (no boots)
Stlth    +.........             (no amulet)
Regen    0.1/turn               (no ring)
MPRegen  0.1/turn               (no ring)

@: confused
A: unfitting armour, cold-blooded, AC +5
a: no special abilities


You were on level 2 of the Dungeon.
You were hungry.

You visited 1 branch of the dungeon, and saw 2 of its levels.

You collected 34 gold pieces.


Innate Abilities, Weirdness & Mutations

Your plain brown scales are hard. (AC +5)
You cannot fit into any form of body armour.
You are cold-blooded and may be slowed by cold attacks.


   Skills:
 - Level 3.2 Fighting
 + Level 4.1 Maces & Flails
 - Level 2.6 Dodging
 - Level 3.0 Shields


You had 2 spell levels left.
You didn't know any spells.

Inventory:

Hand Weapons
 Y - a +0 flail (weapon)
Armour
 b - a +0 shield (worn)
Scrolls
 a - a scroll of teleportation {unknown}
 j - 3 scrolls of enchant armour
Potions
 c - a potion of might
 k - a potion of mutation {unknown}
 n - a potion of haste {unknown}
Comestibles
 d - 3 bread rations
 f - a fruit
 g - a royal jelly

Dungeon Overview and Level Annotations

Branches:
Dungeon (2/15)

Altars:
Qazlal

Annotations:
D:2 Ijyb


Message History

You bump into the rock wall.
The goblin hits you but does no damage.
Ijyb zaps a wand.
You resist with significant effort. The goblin misses you.
The goblin closely misses you.
You hit Ijyb.
Ijyb is heavily wounded.
The goblin hits you but does no damage. Ijyb hits you but does no damage.
The goblin hits you. The goblin barely misses you.
You hit the goblin.
Your tail-slap misses the goblin.
The goblin is severely wounded.
The goblin hits you but does no damage. Ijyb closely misses you.
The goblin closely misses you. The goblin hits you but does no damage.
Ijyb zaps a wand.
You are more confused.
The goblin barely misses you. The goblin closely misses you.
You bump into the rock wall.
The goblin hits you but does no damage.
Ijyb zaps a wand.
You are more confused.
The goblin hits you.
You die...

# #.# # #.# #)#
#.# #.# #.# ##
#.# .8..########
#.# .......gg@.#
#.#
........ggg####.#
.....<.....).##.#
...........#(##.#
....########.##.#
.8.. #.##.# ###
#.##.#
#######.##.#
........##.#


You could see Ijyb and 4 goblins.

Vanquished Creatures
  An ooze (D:2)
  4 dart slugs (D:1)
  A leopard gecko (D:1)
  A giant cockroach (D:1)
  10 goblins
  3 hobgoblins
  2 jackals (D:1)
  9 kobolds
  7 bats
  3 frilled lizards (D:1)
  3 rats (D:1)
44 creatures vanquished.

Notes
Turn   | Place    | Note
-------+----------+-------------------------------------------
     0 | D:1      | FakerFangirl the Draconian Fighter began the quest for the Orb.
     0 | D:1      | Reached XP level 1. HP: 19/19 MP: 1/1
     0 | D:1      | 0 ||| counter = 53
   191 | D:1      | Reached XP level 2. HP: 24/26 MP: 2/2
   194 | D:1      | 194 ||| Stepping ~*~*~tactically~*~*~ (outnumbered).
   195 | D:1      | 195 ||| Stepping ~*~*~tactically~*~*~ (outnumbered).
   215 | D:1      | Reached skill level 3 in Maces & Flails
   695 | D:1      | Reached XP level 3. HP: 31/31 MP: 3/3
   711 | D:1      | 711 ||| Stepping ~*~*~tactically~*~*~ (outnumbered).
   974 | D:1      | 974 ||| READING scroll labeled KAOQAN LAOL.
   975 | D:1      | 975 ||| READING scroll labeled MUYSAF DOTAGH.
   976 | D:1      | 976 ||| READING 3 scrolls labeled PETADD XEDD.
   977 | D:1      | 977 ||| READING scroll labeled DIRODD NUOCIXA.
   979 | D:1      | 979 ||| READING 3 scrolls labeled MAOMMUWUOR.
   980 | D:1      | 980 ||| DROPPING 2 scrolls of blinking.
  1121 | D:2      | Found a stormy altar of Qazlal.
  1136 | D:2      | Reached skill level 4 in Maces & Flails
  1378 | D:2      | Noticed Ijyb
  1393 | D:2      | HP: 7/31 [goblin (3)]
  1398 | D:2      | HP: 5/31 [goblin/club (3)]
  1402 | D:2      | HP: 1/31 [goblin (2)]
  1404 | D:2      | Slain by a goblin

Vault maps used:
D:1:      kennysheep_arrival_seaside, minivault_4
D:2:      kennysheep_the_goblin_king, lemuel_crystal_altar

Skill      XL: |  1  2  3 |
---------------+----------+-----
Maces & Flails | 3 4 |  4.1
Fighting       | |  3.2
Dodging        | |  2.6
Shields        | |  3.0

Action                   || total
-------------------------++-------
Melee: Flail             ||   148
       Tailslap          ||    14
  Use: Scroll            ||     5
 Stab: Sleeping          ||     1
  Eat: Chunk             ||     1
Armor: Skin              ||    45
Dodge: Dodged            ||    88
Block: Shield            ||    78
